 Dungeon Crawl Stone Soup version 0.30-a0-6-g7c9e10e132 (webtiles) character file.

Game seed: 4805969124309470316

174 drpainis the Sneak (level 5, -1/25 HPs)
             Began as a Spriggan Enchanter on Aug 22, 2022.
             Killed from afar by an orc wizard (8 damage)
             ... with a puff of flame
             ... on level 5 of the Dungeon.
             The game lasted 00:04:07 (3790 turns).

drpainis the Sneak (Spriggan Enchanter)             Turns: 3790, Time: 00:04:08

Health: -1/25      AC:  6    Str:  4    XL:     5   Next: 28%
Magic:  7/10       EV: 17    Int: 19    God:
Gold:   182        SH:  0    Dex: 15    Spells: 2/10 levels left

rFire   . . .      SeeInvis +    a - +1 dagger
rCold   . . .      Faith    .    (no shield)
rNeg    . . .      Spirit   .    b - +0 robe
rPois   .          Reflect  .    (helmet restricted)
rElec   .          Harm     .    (no cloak)
rCorr   .          Rampage  .    (gloves unavailable)
Will    .....                    (boots unavailable)
Stlth   +++.......               (no amulet)
HPRegen 0.08/turn                o - +4 ring of protection
MPRegen 0.12/turn                (no ring)

@: very quick
A: very small, no large weapons, unfitting armour, see invisible, speed 3
a: no special abilities


You were on level 5 of the Dungeon.
You visited 1 branch of the dungeon, and saw 5 of its levels.

You collected 182 gold pieces.

Inventory:

Hand Weapons
 a - a +1 dagger (weapon)
Armour
 b - a +0 robe (worn)
Magical Staves
 p - a staff of conjuration
Jewellery
 o - a +4 ring of protection (left hand)
Scrolls
 e - 2 scrolls of identify {unknown}
 f - 2 scrolls of vulnerability {unknown}
 g - a scroll of noise {unknown}
 i - a scroll of enchant armour {unknown}
 l - a scroll of acquirement {unknown}
 m - a scroll of poison {unknown}
 q - a scroll of amnesia {unknown}
Potions
 c - 3 potions of invisibility
 d - a potion of lignification {unknown}
 h - 4 potions of curing {unknown}
 j - a potion of mutation {unknown}
 k - a potion of degeneration {unknown}
 n - a potion of brilliance {unknown}


   Skills:
 + Level 0.5 Fighting
 + Level 2.4 Short Blades
 + Level 3.3 Dodging
 + Level 6.3 Stealth
 + Level 3.2 Spellcasting
 + Level 4.6 Hexes
 + Level 1.0 Ice Magic


You had 2 spell levels left.
You knew the following spells:

 Your Spells              Type           Power      Damage    Failure   Level
a - Ensorcelled Hibernat  Hex/Ice        26%        N/A       7%          2
b - Confusing Touch       Hex            20%        N/A       7%          3
c - Tukima's Dance        Hex            20%        N/A       7%          3

Your spell library contained the following spells:

 Spells                   Type           Power      Damage    Failure   Level
 Dazzling Flash           Conj/Hex       22%        N/A       17%         3
 Frozen Ramparts          Ice            12%        1d2       30%         3
 Ice Form                 Ice/Tmut       4%         N/A       77%         4
 Summon Ice Beast         Ice/Summ       4%         N/A       77%         4


Dungeon Overview and Level Annotations

Branches:
Dungeon (4/15)
 Temple: D:4-7

Altars:
Gozag
Makhleb
Nemelex Xobeh
Uskayaw

Shops:
D:4 (


Innate Abilities, Weirdness & Mutations

You are very small and have problems with some larger weapons.
You are too small for most types of armour.
You have supernaturally acute eyesight. (SInv)
You cover ground extremely quickly. (Speed+++)


Message History

There is an open door here.
You hit the orc priest but do no damage.
The orc priest invokes the aid of Beogh against you.
Pain shoots through your body!
Casting: Ensorcelled Hibernation (safe; 8% risk of failure)
Confirm with . or Enter, or press ? or * to list all spells.
Aiming: Ensorcelled Hibernation (safe; 8% risk of failure)
Press: ? - help, Shift-Dir - straight line, f - orc priest
Aim: an orc priest, wielding a +0 mace and wearing a +0 leather armour (chance to affect: 47%)
The orc priest resists with some effort.
The orc priest calls down the wrath of Beogh upon you.
Pain shoots through your body!
* * * LOW HITPOINT WARNING * * *
Casting: Ensorcelled Hibernation (safe; 8% risk of failure)
Confirm with . or Enter, or press ? or * to list all spells.
Aiming: Ensorcelled Hibernation (safe; 8% risk of failure)
Press: ? - help, Shift-Dir - straight line, f/p - orc priest
Aim: an orc priest, wielding a +0 mace and wearing a +0 leather armour (chance to affect: 47%)
The orc priest looks drowsy...
The helpless orc priest fails to defend itself.
You impale the orc priest!!
You kill the orc priest!
Your Ice Magic skill increases to level 1!
The orc wizard casts a spell at you.
You are confused.
You bump into the rock wall.
You're too confused to cast spells.
Sorry, you're not good enough to have a special ability.
Unknown command.
You bump into the rock wall.
The orc wizard gestures at you while chanting.
You easily resist.
You bump into the rock wall.
There is a stone staircase leading up here.
In your confused state, you trip and fall back down the stairs.
* * * LOW HITPOINT WARNING * * *
You feel less confused.
The orc wizard gestures at you while chanting.
The puff of flame hits you!
You die...

#. #....# .
#....##..#
#....##..#.
##.####....#
#.........#
###.####..#.
####..........
#.##....#######.#
#..>.##.##### #@#
..#.#.......###.#.#
#...####...##.#.#
#..# ####..#o#.#
#(# #8###..o#.# #.
#_≈≈##..#.# #
#..~≈##.#.#
##...~o#)#.#
#8_..o.'...#


You could see an orc wizard and an orc.

Vanquished Creatures
  A howler monkey (D:4)
  An orc priest (D:5)
  5 adders
  A worm (D:2)
  A dart slug (D:3)
  An orc (D:3)
  3 endoplasms
  4 giant cockroaches
  6 goblins
  6 hobgoblins
  7 kobolds
  A quokka (D:2)
  8 ball pythons
  5 bats
  A frilled lizard (D:1)
  3 rats
54 creatures vanquished.

Notes
Turn   | Place    | Note
-------+----------+-------------------------------------------
     0 | D:1      | drpainis the Spriggan Enchanter began the quest for the
                  | Orb.
     0 | D:1      | Reached XP level 1. HP: 9/9 MP: 5/5
   181 | D:1      | Reached XP level 2. HP: 8/13 MP: 6/6
   308 | D:1      | Learned a level 2 spell: Ensorcelled Hibernation
  1422 | D:2      | Reached skill level 5 in Stealth
  1544 | D:2      | Reached XP level 3. HP: 15/16 MP: 4/8
  2659 | D:3      | Found a hide-covered altar of Uskayaw.
  2715 | D:3      | Reached XP level 4. HP: 21/21 MP: 6/9
  3526 | D:4      | Reached skill level 6 in Stealth
  3552 | D:4      | Found Fuadescha's Weapon Boutique.
  3678 | D:4      | You fall into a shaft and drop 1 floor!
  3678 | D:5      | Entered Level 5 of the Dungeon
  3689 | D:5      | Reached XP level 5. HP: 25/25 MP: 5/10
  3760 | D:5      | Learned a level 3 spell: Confusing Touch
  3764 | D:5      | Learned a level 3 spell: Tukima's Dance
  3770 | D:5      | Found an opulent altar of Gozag.
  3770 | D:5      | Found a sparkling altar of Nemelex Xobeh.
  3770 | D:5      | Found a burning altar of Makhleb.
  3780 | D:5      | Reached skill level 1 in Ice Magic
  3790 | D:5      | Killed from afar by an orc wizard

Illustrated notes

Levels and vault maps discovered:
D:1:      minmay_arrival_four_circles, layout_rooms
D:2:      layout_basic, minmay_misc_feat_chi, hangedman_decor_riveting
D:3:      layout_loops_ring, overflow_temple_1_default, palyth_stone_intersect,
          minmay_misc_feat_four_crosses
D:4:      layout_gridville, marbit_many_paths, serial_shops,
          nicolae_shop_bloodbath_and_beyond, uniq_sigmund
D:5:      layout_basic, okawaru_trees_2, mainiacjoe_overflow_alcove_1,
          gammafunk_temple_overflow_claw, minmay_temple_entry_poolview

Skill      XL: |  1  2  3  4  5 |
---------------+----------------+-----
Hexes          | 4 |  4.6
Stealth        | 5 6 |  6.3
Dodging        | 3 |  3.3
Spellcasting   | 3 |  3.2
Short Blades   | 2 |  2.4
Ice Magic      | 1 |  1.0
Fighting       | |  0.5

Action                   |  1- 3 |  4- 6 || total
-------------------------+-------+-------++-------
Melee: Dagger            |   133 |    39 ||   172
       Punch             |     2 |       ||     2
 Cast: Ensorcelled Hiber |    18 |     8 ||    26
 Stab: Sleeping          |    20 |     7 ||    27
Armor: Robe              |    15 |     1 ||    16
Dodge: Dodged            |   107 |    30 ||   137

Table legend: (Time is in decaauts)
 A = Elapsed time spent in this place.
 B = Non-inter-level travel time spent in this place.
 C = Inter-level travel time spent in this place.
 D = Time resting spent in this place.
 E = Time spent auto-exploring this place.
 F = Levels seen in this place.
 G = Mean time per level.
                   A        B        C        D        E       F      G
               +--------+--------+--------+--------+--------+-----+--------+
         Total |   3023 |   2964 |     59 |    527 |   2010 |   5 |  604.6 |
       Dungeon |   3023 |   2964 |     59 |    527 |   2010 |   5 |  604.6 |
               +--------+--------+--------+--------+--------+-----+--------+

Top non-repeatable levels by time:
     D:2: 1329 daAuts
     D:1: 809 daAuts
     D:3: 657 daAuts
     D:4: 136 daAuts
     D:5: 90 daAuts
